Unix NetHack Version 3.7.0-60 Work-in-progress - last build Jul 10 2022 06:21:10 (14e6c82d0a2bdcc1d3355b92dfa208a3528279b5,branch:master). Game began 2022-07-11 13:32:04, ended 2022-07-11 13:45:58. elenmirie, chaotic female orcish Rogue ---------- |......... --------------- ------- ----+------ #|........| # |.............| |....e| |.........| ####|...%<...-####### |.............| |.....| ##..........| # #.........| ########..............| |^@...| # |.........| ####|........| |.............| -@----- #### ---------|- # ---------- |.............| # # ## ## --------------- # # #### ## #### # ### ## # ## ## # ## # # 0#########%# ##### -.-------# #---.--## # --------- |....>...# #|....|# ## |.?%?/.(| |.......| ####|....+##############0###### #-.%()!!+| |....))..%###### |....| ### -.-.---- #|./.%=".| |.._....| ##0 ------ ###-......-###########|.*.[+%/| |.......+ |......| --------- --------- -------- Elenmirie the Cutpurse St:14 Dx:18 Co:13 In:13 Wi:9 Ch:9 Chaotic Dlvl:4 $:168 HP:0(24) Pw:4(4) AC:6 Xp:3/61 T:1347 Latest messages: You kill the jackal! In what direction? l You kill the jackal! The fox bites! In what direction? l You throw 2 orcish daggers. The 1st orcish dagger hits the fox. The 2nd orcish dagger hits the fox. You kill the fox! The werejackal picks up 5 uncursed +0 orcish daggers. The werejackal wields 5 uncursed +0 orcish daggers! In what direction? l You throw 2 orcish daggers. The 1st orcish dagger hits the werejackal. The 2nd orcish dagger hits the werejackal. In what direction? l The orcish dagger hits the werejackal. The werejackal changes into a jackal. The werejackal drops 5 uncursed +0 orcish daggers. The werejackal bites! In what direction? l You throw 2 orcish daggers. The 1st orcish dagger hits the werejackal. The 2nd orcish dagger hits the werejackal. The werejackal bites! You have no ammunition readied. What do you want to fire? [- $au or ?*] Never mind. What do you want to use or apply? [erw or ?*] w The jackal bites! Pick an object. You miss the jackal. The jackal bites! You hear some noises in the distance. You kill the jackal! You hear someone cursing shoplifters. What do you want to read? [*] u That is a silly thing to read. What do you want to throw? [$au or ?*] u In what direction? b The orcish dagger hits the werejackal. The werejackal hits! You hit the werejackal. The werejackal hits! You die... Do you want your possessions identified? [ynq] (y) y Do you want to see your attributes? [ynq] (y) y Do you want an account of creatures vanquished? [ynaq] (y) y Do you want to see your conduct and achievements? [ynq] (y) y Do you want to see the dungeon overview? [ynq] (y) y Major events: Turn 1: elenmirie the chaotic female orcish Rogue entered the dungeon 895: attained the rank of Cutpurse (level 3) 1347: killed by a werejackal Inventory: Weapons a - an uncursed +0 orcish short sword (alternate weapon; not wielded) v - an uncursed +0 two-handed sword (weapon in hands) Armor t - an uncursed +0 orcish helm (being worn) c - an uncursed +1 leather armor (being worn) Comestibles g - an uncursed food ration j - an uncursed sprig of wolfsbane x - an uncursed tripe ration Potions z - a cursed potion of confusion Rings q - an uncursed ring of sustain ability Wands r - an uncursed wand of light (0:12) Tools w - an uncursed sack containing 7 items e - an uncursed lock pick Contents of the sack: an uncursed scroll of blank paper a blessed scroll of gold detection an uncursed scroll of stinking cloud a blessed potion of blindness an uncursed potion of polymorph an uncursed potion of sickness an uncursed potion of speed Elenmirie the Rogue's attributes: Background: You were a Cutpurse, a level 3 female orcish Rogue. You were chaotic, on a mission for Kos who was opposed by Issek (lawful) and Mog (neutral). You were in the Dungeons of Doom, on level 4. You entered the dungeon 1347 turns ago. You had 61 experience points, 19 more were needed to attain level 4. Basics: You had 0 out of 24 hit points. You had all 4 energy points (spell power). Your armor class was 6. Your wallet contained 168 zorkmids. Autopickup was on for '$' plus thrown. Final Characteristics: Your strength was 14 (limit:18/50). Your dexterity was 18 (limit:18). Your constitution was 13 (limit:18). Your intelligence was 13 (limit:16). Your wisdom was 9 (limit:16). Your charisma was 9 (limit:16). Final Status: You were not hungry. You were unencumbered. You were wielding a two-handed sword. You were unskilled in two-handed sword. Final Attributes: You were devoutly aligned. You were poison resistant. You were telepathic. You had infravision. You were stealthy. You were warded. You are dead. Miscellaneous: You never encountered a bones level. Total elapsed playing time was 13 minutes and 52 seconds. Vanquished creatures: 2 floating eyes an acid blob a coyote a giant rat a yellow mold a green mold a gnome zombie 5 jackals 3 foxes a kobold a goblin 4 grid bugs 3 lichens a newt 26 creatures vanquished. No species were genocided or became extinct. Voluntary challenges: You were illiterate. You never engraved Elbereth. You never genocided any monsters. You never polymorphed an object. You never changed form. You used no wishes. Achievements: You entered a shop. You attained the rank of Cutpurse. The Dungeons of Doom: levels 1 to 4 Level 1: Many fountains. Level 2: A bookstore. Level 3: A delicatessen. Level 4: <- You were here. A general store, an altar. Final resting place for you, killed by a werejackal. Game over: ---------- / \ / REST \ / IN \ / PEACE \ / \ | elenmirie | | 168 Au | | killed by a | | werejackal | | | | | | 2022 | *| * * * | * _________)/\\_//(\/(/\)/\//\/|_)_______ Goodbye elenmirie the Rogue... You died in The Dungeons of Doom on dungeon level 4 with 556 points, and 168 pieces of gold, after 1347 moves. You were level 3 with a maximum of 24 hit points when you died.